Map: King's Cove LE

Players

MaSa

  • Race: Terran Terran
  • League: Grandmaster
  • Spawn Location: 11:00

Probe - Winner!

  • Race: Protoss Protoss
  • Spawn Location: 5:00

Event: 2019 WCS Winter Americas

VOD

Have the link to the VOD?

Description

Time

  • Played on: Feb. 15, 2019, 3:09 p.m.
  • Length: 14:20

All games in this series

Show
View Real Time Build Order
Export as new Build Order

MaSa Terran 

Build Orders: Reaper Expand 

Get SALT Encoding   

  12  0:00  SCV  
  13  0:12  SCV  
  14  0:17  Supply Depot  
  14  0:24  SCV  
  15  0:39  SCV, Barracks  
  16  0:44  Refinery  
  16  0:51  SCV  
  17  1:03  SCV  
  18  1:15  SCV  
  19  1:26  Reaper  
  19  1:27  Orbital Command  
  20  1:44  Command Center  
  20  1:55  SCV  
  20  1:59  Barracks Reactor  
  21  2:07  SCV  
  22  2:09  Supply Depot  
  22  2:19  SCV  
  22  2:22  Refinery  
  23  2:23  Factory  
  23  2:31  SCV  
  23  2:35  Marine  
  23  2:36  Marine  
  26  2:43  SCV  
  27  2:55  SCV, Marine x2  
  30  3:00  Orbital Command  
  30  3:07  SCV  
  30  3:08  Starport  
  30  3:11  Factory Tech Lab  
  31  3:15  Marine  
  31  3:16  Marine  
  31  3:19  SCV  
  34  3:26  SCV  
  35  3:31  SCV  
  35  3:33  Marine  
  35  3:34  Marine  
  37  3:35  Barracks  
  37  3:37  Factory Tech Lab  
  37  3:38  SCV  
  39  3:43  SCV  
  39  3:46  Supply Depot  
  40  3:50  SCV  
  40  3:51  Raven  
  43  3:56  Cyclone  
  43  3:59  Bunker  
  46  4:08  SCV x2, Marine  
  46  4:09  Barracks  
  49  4:13  Supply Depot  
  49  4:20  SCV x2  
  51  4:30  Supply Depot  
  51  4:32  SCV x2  
  51  4:34  Factory Reactor  
  51  4:35  Marine  
  51  4:36  Stimpack  
  54  4:40  Marine x2  
  54  4:44  SCV  
  54  4:45  Refinery  
  57  4:47  Engineering Bay  
  57  4:48  SCV, Starport Reactor  
  58  4:56  SCV  
  58  4:58  Marine x2  
  61  5:01  SCV  
  61  5:02  Supply Depot  
  61  5:03  Marine x2  
  64  5:08  SCV, Supply Depot  
  64  5:12  Widow Mine x2  
  64  5:13  Combat Shield  
  68  5:15  Supply Depot  
  68  5:18  Terran Infantry Weapons Level 1  
  68  5:20  SCV  
  69  5:21  Marine  
  69  5:27  Supply Depot  
  70  5:29  Marauder  
  70  5:34  Medivac  
  70  5:35  SCV x2  
  76  5:36  Marine  
  76  5:37  Marine  
  76  5:40  Marine  
  76  5:41  Refinery  
  79  5:46  Medivac  
  79  5:49  Widow Mine  
  83  5:50  SCV  
  83  5:52  SCV, Supply Depot  
  83  5:54  Marauder  
  89  5:57  Marauder  
  89  6:00  Widow Mine  
  89  6:02  SCV  
  89  6:03  Supply Depot  
  92  6:05  Supply Depot  
  92  6:06  SCV  
  92  6:07  Marine  
  94  6:16  Marine  
  94  6:17  Marauder  
  99  6:18  Marauder  
  99  6:21  SCV x2  
  99  6:25  Supply Depot  
  101  6:29  Marine, Supply Depot  
  101  6:33  SCV  
  101  6:36  Widow Mine x2  
  101  6:37  Medivac  
  101  6:38  Marauder, Medivac  
  112  6:40  SCV  
  112  6:42  Marine  
  112  6:44  Marauder  
  116  6:47  Marine  
  116  6:53  Concussive Shells  
  114  6:58  SCV  
  114  7:04  Marauder, Command Center  
  114  7:08  SCV  
  117  7:10  SCV  
  117  7:12  Terran Infantry Armor Level 1  
  117  7:15  Marauder, Marine  
  121  7:20  SCV  
  121  7:23  SCV  
  117  7:31  Marauder, Marine  
  117  7:33  SCV, Marine  
  117  7:35  SCV  
  116  7:37  Marauder  
  116  7:38  Medivac  
  116  7:40  Barracks  
  116  7:41  Barracks  
  116  7:42  Widow Mine  
  116  7:45  SCV  
  111  7:52  Marauder  
  111  7:54  SCV, Marine  
  111  7:56  Marine  
  111  7:57  SCV  
  111  7:58  Marauder  
  113  7:59  Liberator  
  113  8:00  Medivac  
  107  8:11  SCV  
  107  8:12  Marine  
  107  8:14  Marauder, Marine  
  107  8:15  Starport  
  107  8:19  Marauder  
  115  8:24  Liberator  
  115  8:29  Barracks Tech Lab  
  115  8:30  Barracks Reactor, Marine  
  115  8:31  Refinery  
  115  8:32  Marine  
  117  8:34  Liberator, Refinery  
  117  8:35  Marauder  
  117  8:38  Liberator  
  117  8:41  Marauder  
  124  8:48  Marine  
  125  8:50  Marauder  
  125  8:54  Liberator  
  130  8:56  Marine  
  130  8:57  Marauder  
  130  9:02  Marine  
  137  9:07  Liberator  
  137  9:09  Marine x2  
  137  9:11  Marauder  
  141  9:17  Liberator  
  141  9:18  Marauder  
  141  9:22  Marauder, Marine x2  
  150  9:29  Orbital Command  
  150  9:32  Marauder  
  150  9:33  Supply Depot  
  150  9:34  Supply Depot  
  150  9:37  Liberator  
  155  9:39  Liberator  
  155  9:42  Command Center  
  155  9:47  Marine  
  155  9:48  Marauder x2  
  155  9:52  Marine x3  
  156  9:54  Marauder  
  160  10:05  Marine  
  160  10:06  Armory  
  161  10:08  Engineering Bay  
  161  10:09  Marauder, Marine x2  
  161  10:10  Marine x2  
  167  10:15  SCV x2, Marauder  
  167  10:18  Liberator x2  
  167  10:20  Liberator  
  171  10:23  Marine  
  171  10:27  Marine  
  171  10:28  Marauder  
  148  10:31  Marauder, Marine  
  141  10:37  Marauder  
  147  10:47  Fusion Core  
  147  10:49  Liberator  
  147  10:52  Marauder x2, Marine x4  
  155  10:59  Orbital Command  
  155  11:00  Refinery  
  155  11:01  Liberator  
  155  11:07  Liberator  
  155  11:10  Starport  
  158  11:15  Marauder, Marine x2  
  158  11:18  SCV x2  
  168  11:32  Marauder x2, Marine x4  
  164  11:37  SCV x3  
  164  11:39  Liberator  
  172  11:40  Refinery  
  172  11:51  Starport Tech Lab  
  172  11:52  Terran Ship Weapons Level 1  
  172  11:58  Terran Infantry Weapons Level 2, Liberator  
  172  11:59  Marine x4  
  172  12:00  Marauder x3  
  182  12:09  Barracks x2  
  182  12:15  Liberator  
  183  12:16  SCV  
  183  12:17  SCV, Marine  
  183  12:18  SCV  
  183  12:21  Marauder, Advanced Ballistics  
  183  12:22  Marauder  
  181  12:28  SCV  
  183  12:30  SCV  
  183  12:33  Marauder, Marine  
  186  12:37  Liberator  
  186  12:38  Liberator, Supply Depot  
  186  12:39  Liberator  
  186  12:48  Marauder  
  188  12:55  Marine  
  177  13:01  Marauder x2, Marine x3  
  177  13:03  Medivac  
  133  13:10  Marauder  
  133  13:11  SCV  
  130  13:12  Marine  
  130  13:15  SCV, Medivac  
  130  13:16  Liberator  
  130  13:17  SCV  
  130  13:19  Marine x3  
  136  13:23  Marauder x2, SCV  
  134  13:28  SCV  
  134  13:30  Marine  
  134  13:31  Marine  
  139  13:34  SCV  
  139  13:37  Marine  
  139  13:38  SCV  
  139  13:40  SCV  
  138  13:44  Marauder x2  
  138  13:46  Marine  
  139  13:49  Marauder  
  139  13:52  SCV  
  131  14:04  SCV  
Show
View Real Time Build Order
Export as new Build Order

Probe Protoss - Winner!

Build Orders: 1 Gate Expand, Blink Stalkers, Colossus Rush 

Get SALT Encoding   

  12  0:00  Probe  
  13  0:13  Probe  
  14  0:18  Pylon  
  14  0:24  Probe  
  15  0:32  Probe  
  15  0:37  Gateway  
  15  0:40  Probe  
  16  0:46  Assimilator  
  17  0:51  Probe  
  18  1:03  Probe  
  19  1:15  Probe  
  20  1:25  Nexus  
  20  1:34  Cybernetics Core  
  20  1:37  Probe  
  21  1:43  Assimilator  
  21  1:49  Probe  
  22  1:57  Pylon  
  22  2:01  Probe  
  22  2:06  Adept  
  23  2:15  Probe  
  26  2:21  Twilight Council  
  26  2:26  Warp Gate  
  26  2:27  Probe  
  27  2:34  Probe  
  27  2:35  Stalker  
  29  2:39  Probe  
  29  2:42  Probe  
  31  2:51  Probe  
  31  2:52  Probe  
  33  3:00  Blink  
  33  3:04  Probe x2  
  35  3:06  Stalker  
  35  3:12  Probe  
  37  3:16  Probe  
  39  3:20  Probe  
  40  3:28  Probe  
  40  3:29  Gateway  
  40  3:31  Probe, Gateway  
  42  3:40  Probe, Robotics Facility  
  43  3:43  Probe  
  43  3:46  Pylon  
  44  3:52  Probe  
  44  3:55  Pylon  
  45  3:56  Probe  
  46  4:04  Probe  
  46  4:07  Assimilator x2  
  46  4:08  Probe  
  48  4:16  Probe  
  49  4:19  Stalker  
  49  4:20  Probe  
  49  4:21  Observer  
  49  4:23  Stalker, Pylon  
  54  4:25  Stalker  
  54  4:29  Probe  
  58  4:32  Probe  
  58  4:35  Pylon  
  59  4:42  Observer  
  59  4:43  Robotics Bay  
  59  4:45  Forge  
  60  4:49  Stalker  
  60  4:51  Stalker  
  64  4:57  Stalker  
  66  5:05  Pylon  
  64  5:09  Protoss Ground Weapons Level 1  
  64  5:13  Observer  
  65  5:18  Nexus  
  65  5:19  Pylon  
  65  5:24  Colossus  
  65  5:34  Probe x2  
  66  5:40  Charge  
  66  5:41  Gateway  
  66  5:42  Gateway  
  72  5:48  Gateway  
  72  5:53  Sentry  
  74  6:00  Sentry  
  74  6:01  Zealot, Probe x2  
  80  6:09  Colossus  
  80  6:13  Probe  
  80  6:14  Probe  
  80  6:15  Pylon  
  88  6:25  Colossus  
  88  6:26  Probe x2  
  88  6:31  Probe  
  91  6:35  Templar Archives  
  91  6:37  Zealot  
  91  6:38  Zealot, Probe  
  96  6:40  Probe  
  96  6:41  Gateway  
  96  6:43  Probe  
  96  6:44  Sentry, Shield Battery  
  96  6:46  Protoss Ground Armor Level 1  
  100  6:53  Zealot x3  
  104  6:59  Probe  
  101  7:03  Zealot, Sentry  
  105  7:10  Probe x2  
  105  7:11  Probe  
  105  7:12  Gateway  
  105  7:13  Zealot x2  
  112  7:22  High Templar, Probe x2  
  114  7:35  Stalker x3  
  116  7:37  Assimilator, Probe  
  111  7:47  Zealot, Nexus  
  111  7:48  Zealot x2  
  103  7:58  Zealot x4  
  103  7:59  Probe  
  103  8:00  Probe x2  
  104  8:09  Stalker x3  
  104  8:11  Probe  
  111  8:14  Colossus  
  111  8:18  Assimilator  
  113  8:21  Observer  
  113  8:25  Protoss Ground Armor Level 2, Pylon  
  113  8:26  Psionic Storm  
  117  8:27  Pylon  
  117  8:28  Pylon  
  117  8:29  Pylon  
  117  8:37  Forge  
  117  8:39  Probe x2  
  117  8:42  Pylon  
  117  8:46  High Templar x2  
  121  8:52  Zealot x2  
  121  8:54  Pylon  
  125  8:57  Probe  
  125  8:58  Probe  
  125  9:02  Probe x2  
  129  9:09  Zealot x3, Probe  
  132  9:10  Probe  
  132  9:14  Stalker, Probe  
  132  9:15  Probe  
  136  9:19  Zealot  
  136  9:21  High Templar  
  136  9:22  High Templar  
  142  9:27  Probe x3  
  144  9:34  Zealot  
  144  9:35  Stalker x2  
  144  9:36  Zealot  
  151  9:43  Protoss Ground Weapons Level 2  
  151  9:45  Stalker x2  
  137  9:55  Zealot x3  
  137  9:56  Probe x2  
  135  10:07  Robotics Facility  
  135  10:08  Assimilator  
  135  10:09  Assimilator  
  135  10:11  Zealot x2  
  135  10:13  Sentry  
  141  10:15  Zealot  
  141  10:17  Zealot x2  
  147  10:23  Protoss Ground Armor Level 3  
  137  10:31  Zealot x2  
  135  10:36  Stalker x4  
  143  10:46  High Templar  
  143  10:49  Archon  
  145  10:51  Zealot x3  
  151  10:58  Immortal  
  151  10:59  Immortal  
  151  11:02  Probe x2  
  151  11:04  Pylon  
  161  11:07  Zealot x2  
  161  11:16  Stalker x3  
  161  11:19  Stalker  
  162  11:31  Zealot x2  
  164  11:33  Stalker x2  
  168  11:43  Stalker  
  168  11:44  Stalker x3  
  168  11:46  Warp Prism  
  176  11:50  Observer  
  176  11:54  Zealot x2  
  176  12:00  High Templar x2  
  187  12:08  Pylon  
  187  12:11  Nexus  
  181  12:25  Zealot  
  181  12:26  Zealot x5  
  185  12:33  Disruptor x2  
  189  12:37  High Templar  
  189  12:40  Photon Cannon  
  189  12:42  Photon Cannon  
  189  12:49  Stalker  
  189  12:50  Stalker x4  
  153  13:09  Stalker x3  
  153  13:10  Disruptor x2  
  161  13:13  Zealot x2  
  159  13:30  Zealot x3  
  159  13:35  Probe x3  
  159  13:39  Zealot  
  162  13:43  Zealot x2  
  170  13:50  Zealot  
  155  14:11  Stalker x7  
Tags
 
Add a new tag
Caveats
  • Supply blocks, unpowered buildings, or Contaminate may cause inaccurate times.
  • Supply counts are checked every 10 seconds.